 Dungeon Crawl Stone Soup version 0.29-a0-323-g050149af67 (webtiles) character file.

Game seed: 4546689033733946787

1 Jortsu the Chopper (level 1, 0/19 HPs)
             Began as a Hill Orc Monk on Apr 10, 2022.
             Slain by a ball python (2 damage)
             ... on level 1 of the Dungeon.
             The game lasted 00:00:09 (35 turns).

Jortsu the Chopper (Hill Orc Monk)                    Turns: 35, Time: 00:00:10

Health: 0/19       AC:  2    Str: 13    XL:     1   Next: 20%
Magic:  1/1        EV:  9    Int: 10    God:
Gold:   0          SH:  0    Dex: 13    Spells: 0/0 levels left

rFire   . . .      SeeInvis .   a - +0 hand axe
rCold   . . .      Faith    .   (no shield)
rNeg    . . .      Spirit   .   b - +0 robe
rPois   .          Reflect  .   (no helmet)
rElec   .          Harm     .   (no cloak)
rCorr   .          Rampage  .   (no gloves)
Will    .....                   (no boots)
Stlth   ++........              (no amulet)
HPRegen 0.06/turn               (no ring)
MPRegen 0.07/turn               (no ring)

@: constricted
A: no striking features
a: no special abilities


You were on level 1 of the Dungeon.
You visited 1 branch of the dungeon, and saw 1 of its levels.

Inventory:

Hand Weapons
 a - a +0 hand axe (weapon)
Armour
 b - a +0 robe (worn)
Scrolls
 d - a scroll of enchant armour {unknown}
Potions
 c - a potion of ambrosia


   Skills:
 + Level 3.6 Fighting
 + Level 4.1 Axes
 + Level 2.4 Dodging
 + Level 1.5 Stealth


You couldn't memorise any spells.
You didn't know any spells.
Your spell library was empty.

Dungeon Overview and Level Annotations

Branches:
Dungeon (1/15)

Altars:


Message History

The goblin hits you with a +0 dagger.
You slash the goblin!
You kill the goblin!
A ball python comes into view.
Found a murky brown potion.
You see here a +0 dagger.
A ball python is nearby!
Found 12 gold pieces.
The ball python hisses angrily.
The ball python closely misses you. x2
The ball python misses you. The ball python grabs you.
The ball python constricts you.
You escape the ball python's grasp.
You hit the ball python but do no damage.
The ball python barely misses you. The ball python closely misses you.
The ball python bites you but does no damage.
The ball python barely misses you.
You barely miss the ball python. The ball python bites you.
The ball python grabs you. The ball python constricts you.
You closely miss the ball python. The ball python bites you.
The ball python constricts you.
You hit the ball python.
The ball python is moderately wounded.
The ball python bites you. The ball python constricts you.
The ball python bites you but does no damage.
The ball python constricts you.
You closely miss the ball python.
The ball python is moderately wounded.
The ball python completely misses you. The ball python constricts you.
* * * LOW HITPOINT WARNING * * *
You hit the ball python.
The ball python is heavily wounded.
The ball python bites you.
* * * LOW HITPOINT WARNING * * *
The ball python constricts you.
* * * LOW HITPOINT WARNING * * *
You hit the ball python.
The ball python is severely wounded.
The ball python bites you.
You die...

####. #.... #....
##....## #......## .#####
#.#$#... ##......
#....#.# #######......#
##....!@# #>....#.#....#
##.....S.###..≈..#.#..≈.#
#.........##.≈♣≈.....≈♣≈.
##.......###≈♣⌠♣≈≈≈≈≈♣⌠♣
##.....####.≈♣.......♣≈.
#.....#.....≈...<...≈..
###)###....≈P.......♣≈.
#.......≈P⌠P≈≈≈≈≈♣⌠♣
#####....≈P≈###.#≈♣≈#


You could see a ball python.

Vanquished Creatures
  A goblin (D:1)
1 creature vanquished.

Notes
Turn   | Place    | Note
-------+----------+-------------------------------------------
     0 | D:1      | Jortsu the Hill Orc Monk began the quest for the Orb.
     0 | D:1      | Reached XP level 1. HP: 19/19 MP: 1/1
    35 | D:1      | Slain by a ball python

Illustrated notes

Levels and vault maps discovered:
D:1:      ldierk_water_garden, layout_loops_cross,
          shapermc_ecumenical_altar_ellora

Action                   || total
-------------------------++-------
Melee: Hand axe          ||    11
Armor: Robe              ||     2
Dodge: Dodged            ||     8

Table legend: (Time is in decaauts)
 A = Elapsed time spent in this place.
 B = Non-inter-level travel time spent in this place.
 C = Inter-level travel time spent in this place.
 D = Time resting spent in this place.
 E = Time spent auto-exploring this place.
 F = Levels seen in this place.
 G = Mean time per level.
                   A        B        C        D        E       F      G
               +--------+--------+--------+--------+--------+-----+--------+
         Total |     37 |     37 |      0 |      0 |      9 |   1 |   37.0 |
       Dungeon |     37 |     37 |      0 |      0 |      9 |   1 |   37.0 |
               +--------+--------+--------+--------+--------+-----+--------+

Top non-repeatable levels by time:
     D:1: 37 daAuts
